 Dungeon Crawl Stone Soup version 0.30-a0-847-g17996783a1 (webtiles) character file.

Game seed: 8572088956218386872

22 KoolestKoolAid the Conjurer (level 2, 0/20 HPs)
             Began as a Demigod Conjurer on Mar 2, 2023.
             Slain by a ball python (1 damage)
             ... on level 1 of the Dungeon on Mar 3, 2023.
             The game lasted 00:15:47 (1618 turns).

KoolestKoolAid the Conjurer (Demigod Conjurer)      Turns: 1618, Time: 00:15:48

Health: 0/20       AC:  2    Str:  8    XL:     2   Next: 51%
Magic:  7/7        EV: 12    Int: 20    God:
Gold:   57         SH:  0    Dex: 12    Spells: 4/5 levels left

rFire   . . .      SeeInvis .    (no weapon)
rCold   . . .      Faith    .    (no shield)
rNeg    . . .      Spirit   .    a - +0 robe
rPois   .          Reflect  .    (no helmet)
rElec   .          Rampage  .    (no cloak)
rCorr   .                        (no gloves)
Will    .....                    (no boots)
Stlth   ++                       (no amulet)
HPRegen 0.23/turn                (no ring)
MPRegen 0.10/turn                (no ring)

@: no status effects
A: high MP 1, forlorn, divine attributes
a: no special abilities


You were on level 1 of the Dungeon.
You visited 1 branch of the dungeon, and saw 1 of its levels.

You collected 57 gold pieces.

Inventory:

Armour
 a - a +0 robe (worn)
 c - a +0 plate armour
 g - a +0 leather armour
 i - a +0 ring mail
 j - a +0 robe
 l - a +0 chain mail
Scrolls
 d - a scroll of amnesia {unknown}
 e - a scroll of identify {unknown}
 h - a scroll of teleportation {unknown}
Potions
 b - a potion of magic
 f - a potion of heal wounds {unknown}
 k - a potion of brilliance {unknown}


   Skills:
 * Level 2.1 Dodging
 * Level 1.8 Stealth
 * Level 2.1 Spellcasting
 - Level 4.0 Conjurations


You had 4 spell levels left.
You knew the following spells:

 Your Spells              Type           Power      Damage    Failure   Level
a - Magic Dart            Conj           72%        1d6       3%          1

Your spell library contained the following spells:

 Spells                   Type           Power      Damage    Failure   Level
 Searing Ray              Conj           36%        2d5       4%          2
 Dazzling Flash           Conj/Hex       20%        N/A       21%         3
 Fulminant Prism          Conj/Hex       5%         3d7       56%         4
 Iskenderun's Mystic Bla  Conj/Tloc      10%        2d4       56%         4


Dungeon Overview and Level Annotations

Branches:
Dungeon (1/15)


Innate Abilities, Weirdness & Mutations

You have an increased reservoir of magic. (+10% MP)
You shall have no god before yourself.
Your divine heritage dramatically boosts your attributes as you level up.


Message History

* * * LOW HITPOINT WARNING * * *
The bat closely misses you.
The kobold hits you with a +0 short sword.
* * * LOW HITPOINT WARNING * * *
The bat hits you but does no damage.
The ball python attacks as you move away!
The ball python barely misses you. The bat attacks as you move away!
The bat barely misses you. The bat closely misses you.
The kobold attacks as you move away!
The kobold hits you with a +0 short sword.
* * * LOW HITPOINT WARNING * * *
The ball python bites you but does no damage.
The ball python misses you.
The ball python attacks as you move away!
The ball python closely misses you. The ball python barely misses you.
The ball python grabs you. The ball python constricts you. The bat hits you.
* * * LOW HITPOINT WARNING * * *
You escape the ball python's grasp.
The bat barely misses you. The bat attacks as you move away!
The bat barely misses you. The bat completely misses you.
The ball python attacks as you move away!
The ball python misses you. The bat completely misses you.
The ball python attacks as you move away!
The ball python bites you.
* * * LOW HITPOINT WARNING * * *
The ball python closely misses you. The bat hits you but does no damage.
The bat hits you but does no damage.
The ball python attacks as you move away!
The ball python bites you but does no damage.
The ball python closely misses you.
The ball python bites you but does no damage.
The ball python barely misses you. The ball python bites you.
* * * LOW HITPOINT WARNING * * *
The ball python misses you.
The kobold throws a stone.
The stone barely misses you.
The ball python attacks as you move away!
The ball python bites you.
You die...

###.##### #b#..........###.#####
........####.#...........##.#####
..........g.....#.######.##.#....
........####.#.........#.........
........# #.#.........#.#.......
........####.#...#########..#.#[.
...............Kb................
........####.#g#.#########.......
######### #.#.S@................
.###########.#.#..#########.###.#
.............................>#.#
..##########................#.#.#
..# ## #####.###.#.########+#.#
..# ..#.≈##.###.#.# #....# +##
#.##.#.#≈§##.# #....#
#≈.#.#.≈.##.# #....#
#.###.#..#.#.# #....#


You could see a goblin, a bat, a ball python and a kobold.

Vanquished Creatures
  2 endoplasms (D:1)
  A jackal (D:1)
  4 kobolds (D:1)
  4 quokkas (D:1)
  2 ball pythons (D:1)
  4 bats (D:1)
  A frilled lizard (D:1)
  3 rats (D:1)
21 creatures vanquished.

Notes
Turn   | Place    | Note
-------+----------+-------------------------------------------
     0 | D:1      | KoolestKoolAid the Demigod Conjurer began the quest for the
                  | Orb.
     0 | D:1      | Reached XP level 1. HP: 14/14 MP: 5/5
    29 | D:1      | Upgraded the game from 0.30-a0-845-g7c6808c8ce to
                  | 0.30-a0-847-g17996783a1
   522 | D:1      | Reached XP level 2. HP: 20/20 MP: 1/7
  1199 | D:1      | Reached skill level 4 in Conjurations
  1594 | D:1      | HP: 1/20 [kobold/+0 short sword (1)]
  1609 | D:1      | HP: 1/20 [ball python (3)]
  1617 | D:1      | HP: 1/20 [ball python (2)]
  1618 | D:1      | Slain by a ball python

Illustrated notes

Levels and vault maps discovered:
D:1:      dpeg_arrival_brainrot, layout_basic,
          ebering_ecumenical_altar_abandoned

Skill      XL: |  1  2 |
---------------+-------+-----
Dodging        | 2 |  2.1
Spellcasting   | 2 |  2.1
Conjurations   | 4 |  4.0
Stealth        | |  1.8

Action                     || total
---------------------------++-------
  Melee: Unarmed           ||    11
   Cast: Magic Dart        ||    40
 Armour: Plate armour      ||    12
         Robe              ||    20
  Dodge: Dodged            ||    63

Table legend: (Time is in decaauts)
 A = Elapsed time spent in this place.
 B = Non-inter-level travel time spent in this place.
 C = Inter-level travel time spent in this place.
 D = Time resting spent in this place.
 E = Time spent auto-exploring this place.
 F = Levels seen in this place.
 G = Mean time per level.
                   A        B        C        D        E       F      G
               +--------+--------+--------+--------+--------+-----+--------+
         Total |   1618 |   1618 |      0 |      0 |     21 |   1 | 1618.0 |
       Dungeon |   1618 |   1618 |      0 |      0 |     21 |   1 | 1618.0 |
               +--------+--------+--------+--------+--------+-----+--------+

Top non-repeatable levels by time:
     D:1: 1618 daAuts
